Map: Eternal Empire LE

Players

PandaKO - Winner!

  • Race: Terran Terran
  • League: Master
  • Spawn Location: 7:00

A.I. 1 (Elite)

  • Race: Protoss Protoss
  • Spawn Location: 1:00

VOD

Have the link to the VOD?

Description

4 factory tank, cyclone, hellbat all in vs toss (viable high masters)

Time

  • Played on: June 17, 2020, 3:11 p.m.
  • Length: 8:17
Show
View Real Time Build Order
Export as new Build Order

PandaKO Terran - Winner!

Build Orders: 2 Factory, Cyclone Opening, Gas First Reaper Expand, Mech 

Get SALT Encoding   

  12  0:01  SCV  
  13  0:13  SCV  
  14  0:17  Supply Depot  
  14  0:25  SCV  
  14  0:28  Refinery  
  15  0:38  SCV  
  16  0:45  Barracks  
  16  0:51  SCV  
  17  1:04  SCV  
  18  1:16  SCV  
  19  1:32  Reaper, Orbital Command  
  20  1:44  Command Center  
  20  1:54  Factory  
  20  1:58  SCV  
  21  2:09  Supply Depot  
  21  2:10  SCV  
  21  2:13  Refinery  
  22  2:15  Barracks Tech Lab  
  22  2:23  SCV  
  23  2:39  SCV  
  23  2:43  Cyclone  
  27  2:51  SCV  
  27  2:54  Mag-Field Accelerator  
  27  2:56  Orbital Command  
  27  2:58  Refinery  
  28  3:07  SCV  
  29  3:16  Factory  
  29  3:19  SCV  
  30  3:22  SCV  
  30  3:24  Refinery  
  31  3:28  Cyclone  
  31  3:33  SCV  
  35  3:35  Supply Depot, Barracks Tech Lab  
  35  3:38  SCV  
  36  3:45  SCV  
  37  3:51  SCV  
  38  3:58  Supply Depot, SCV  
  38  4:00  Cyclone  
  42  4:05  Factory  
  42  4:06  Cyclone  
  42  4:08  SCV  
  46  4:11  Barracks Reactor  
  46  4:13  SCV  
  47  4:24  SCV  
  47  4:27  Supply Depot  
  47  4:30  SCV  
  49  4:34  Siege Tank  
  49  4:38  SCV  
  53  4:39  Siege Tank  
  53  4:42  SCV  
  57  4:52  SCV, Factory  
  58  4:54  SCV  
  58  4:55  Supply Depot  
  58  4:56  Hellion  
  58  4:58  Hellion  
  63  5:02  Barracks Reactor  
  63  5:04  SCV  
  63  5:06  SCV  
  65  5:09  Siege Tank  
  68  5:16  SCV  
  68  5:17  Infernal Pre-Igniter  
  68  5:20  Supply Depot  
  69  5:21  Siege Tank  
  69  5:24  SCV  
  73  5:28  SCV  
  73  5:30  Hellion x2  
  73  5:35  Supply Depot  
  78  5:41  Armory  
  78  5:43  Supply Depot  
  78  5:45  Siege Tank  
  78  5:48  SCV x2  
  83  5:53  Hellion  
  87  5:57  Hellion  
  87  5:59  Hellion  
  87  6:00  Hellion  
  87  6:02  Supply Depot  
  91  6:06  Siege Tank  
  91  6:09  Supply Depot  
  94  6:14  SCV  
  94  6:15  SCV  
  94  6:17  Siege Tank  
  99  6:22  Hellion  
  99  6:24  Hellion x2  
  105  6:27  Hellion  
  105  6:29  Supply Depot  
  107  6:40  Siege Tank  
  107  6:45  SCV x2  
  107  6:46  Hellion x2  
  116  6:52  Siege Tank  
  119  6:56  Hellion x2  
  119  7:00  Supply Depot  
  123  7:03  Supply Depot  
  122  7:22  Hellion x2  
  113  7:23  Hellion x2, Siege Tank  
  116  7:33  Siege Tank  
  119  7:49  Hellion x4  
  127  7:53  Supply Depot  
Show
View Real Time Build Order
Export as new Build Order

A.I. 1 (Elite) Protoss 

Build Orders: Zealot Archon 

Get SALT Encoding   

  12  0:00  Probe  
  13  0:13  Probe  
  14  0:19  Pylon  
  14  0:25  Probe  
  15  0:33  Probe  
  15  0:39  Gateway  
  15  0:42  Probe  
  17  0:50  Assimilator  
  17  0:51  Probe  
  18  1:00  Probe, Pylon  
  19  1:08  Probe  
  19  1:18  Probe  
  21  1:28  Zealot  
  21  1:31  Cybernetics Core  
  23  1:36  Gateway  
  23  1:39  Probe  
  24  1:49  Pylon  
  24  1:51  Probe, Zealot  
  27  2:03  Probe  
  27  2:07  Warp Gate  
  28  2:14  Adept  
  28  2:15  Probe  
  30  2:23  Adept  
  30  2:27  Probe  
  33  2:34  Gateway  
  33  2:44  Gateway  
  33  2:47  Adept  
  33  2:49  Adept  
  37  3:01  Pylon  
  37  3:02  Probe  
  38  3:13  Adept  
  38  3:19  Adept  
  42  3:20  Adept  
  44  3:27  Probe  
  44  3:30  Adept  
  44  3:34  Pylon  
  46  3:43  Twilight Council  
  46  4:03  Pylon  
  46  4:36  Assimilator  
  46  4:43  Zealot, Templar Archives  
  48  4:51  Nexus  
  48  5:20  High Templar  
  50  5:28  Forge  
  50  5:38  Forge  
  50  5:47  High Templar  
  52  5:52  Archon  
  52  6:02  Probe  
  52  6:03  Probe  
  54  6:12  Assimilator  
  54  6:13  Probe, Assimilator  
  54  6:14  Probe, High Templar  
  58  6:23  Probe  
  58  6:27  Probe  
  60  6:32  Probe  
  60  6:39  Probe  
  62  6:41  High Templar  
  62  6:45  Probe  
  62  6:46  Stalker  
  67  6:51  Probe, Stalker  
  67  6:53  Pylon  
  67  6:54  Archon  
  70  6:57  Probe  
  70  6:59  Nexus  
  71  7:03  Probe  
  71  7:05  High Templar  
  74  7:11  Probe  
  74  7:15  Probe, Pylon  
  76  7:19  Zealot, High Templar  
  76  7:20  Zealot  
  66  7:23  Probe  
  66  7:27  Probe  
  48  7:33  Stalker  
  48  7:37  Adept  
  48  7:39  Probe  
  48  7:41  Zealot  
  51  7:50  Zealot  
  42  7:51  High Templar  
  42  7:58  Zealot  
  28  8:06  Pylon  
  28  8:11  Pylon  
Tags
 
Add a new tag
Caveats
  • Supply blocks, unpowered buildings, or Contaminate may cause inaccurate times.
  • Supply counts are checked every 10 seconds.